 Dungeon Crawl Stone Soup version 0.31-a0-188-g5e087ee2ca (webtiles) character file.

Game seed: 10719389583768943896

202 qw the Skirmisher (level 5, -2/29 HPs)
             Began as a Deep Elf Hunter on June 22, 2023.
             Slain by a kobold
             ... wielding a +0 short sword
              (4 damage)
             ... on level 4 of the Dungeon.
             The game lasted 00:00:42 (2335 turns).

qw the Skirmisher (Deep Elf Hunter)                 Turns: 2335, Time: 00:00:42

Health: -2/29      AC:  3    Str: 10    XL:     5   Next: 50%
Magic:  7/7        EV: 13    Int: 10    God:
Gold:   77         SH:  0    Dex: 18    Spells: 4/4 levels left

rFire   + + +        f - +0 shortbow (heavy)
rCold   . . .        (shield currently unavailable)
rNeg    + + +        j - +1 robe of Dishonour {Drain rF+++ rN+++ Int-4}
rPois   .            (no helmet)
rElec   .            (no cloak)
rCorr   .            (no gloves)
SInv    .            (no boots)
Will    .....        (no amulet)
Stlth   ++           (no ring)
HPRegen 0.24/turn    (no ring)
MPRegen 0.10/turn

%: no passive effects
@: lethally poisoned (-2 -> -22)
A: no striking features
a: no special abilities


You were on level 4 of the Dungeon.
You visited 1 branch of the dungeon, and saw 4 of its levels.

You collected 77 gold pieces.


   Skills:
 - Level 1.5 Fighting
 + Level 8.7 Ranged Weapons
 - Level 3.2 Dodging
 - Level 1.2 Stealth


You had 4 spell levels left.
You didn't know any spells.
Your spell library was empty.

Inventory:

Hand Weapons
 f - a +0 heavy shortbow (weapon)
Armour
 c - a +0 leather armour
 j - the +1 robe of Dishonour (worn) {Drain rF+++ rN+++ Int-4}
   (You found it on level 3 of the Dungeon)

   Int:       It affects your intelligence (-4).
   rF:        It renders you almost immune to fire.
   rN:        It renders you almost immune to negative energy.
   Drain:     It drains your maximum health when unequipped.
Scrolls
 b - a scroll of enchant armour
Potions
 d - a potion of mutation {unknown}
 e - a potion of curing {unknown}
 g - a potion of brilliance {unknown}
 h - a potion of berserk rage {unknown}
 i - a potion of lignification {unknown}

Dungeon Overview and Level Annotations

Branches:
Dungeon (4/15)
 Temple: D:4-7

Altars:
Cheibriados
Sif Muna
Wu Jian
Zin


Message History

Things that are here:
a book of Necromancy; 2 poisoned darts You see here a +0 buckler.
Found a club.
A kobold comes into view. It is wielding a +0 short sword.
Enter note:
Enter note: You shoot an arrow.
The arrow hits the kobold but does no damage.
The kobold shouts!
You shoot an arrow. The arrow closely misses the kobold.
You shoot an arrow. The arrow misses the kobold.
A scorpion comes into view.
You shoot an arrow.
The arrow completely misses the scorpion.
The arrow closely misses the kobold.
The scorpion stings you.
You shoot an arrow. The arrow barely misses the scorpion.
The scorpion stings you.
The scorpion stings you but does no damage.
You shoot an arrow. The arrow hits the scorpion!
The scorpion is heavily wounded.
The scorpion stings you. The kobold barely misses you.
The kobold hits you with a +0 short sword.
The scorpion stings you.
You are poisoned.
The scorpion poisons you!
You shoot an arrow. The arrow hits the scorpion.
The scorpion is heavily wounded.
You feel very sick. The scorpion misses you. The kobold closely misses you.
You shoot an arrow. The arrow closely misses the scorpion.
You feel very sick. The scorpion stings you.
You are lethally poisoned!
The scorpion poisons you!
The kobold hits you with a +0 short sword.
The scorpion stings you.
The kobold hits you with a +0 short sword.
You die...

.... .....
.....
...... ....
#..#
#..s#####
#K@...#
##....# #.
##...#
##.####...#
..........#
..........#
..........#
.....#....#
...#.....##


You could see a scorpion and a kobold.

Vanquished Creatures
  2 orc priests (D:4)
  2 gnolls (D:1)
  6 adders
  2 worms
  A dart slug (D:1)
  An orc (D:4)
  4 endoplasms
  A giant cockroach (D:2)
  5 hobgoblins
  7 jackals (D:1)
  3 quokkas
  4 ball pythons
  7 bats
  3 frilled lizards (D:1)
  6 goblins
  7 kobolds
  3 rats
64 creatures vanquished.

Notes
Turn   | Place    | Note
-------+----------+-------------------------------------------
     0 | D:1      | qw the Deep Elf Hunter began the quest for the Orb.
     0 | D:1      | Reached XP level 1. HP: 12/12 MP: 3/3
     0 | D:1      | 0 ||| qw: Version: 0.3-a-9-g12657ce
     0 | D:1      | 0 ||| qw: Game counter: 2806
     0 | D:1      | 0 ||| qw: Always use a shield: true
     0 | D:1      | 0 ||| qw: God list: Okawaru
     0 | D:1      | 0 ||| qw: Allow faded altars: false
     0 | D:1      | 0 ||| qw: Do Orc after D:15 true
     0 | D:1      | 0 ||| qw: Do second Lair branch before Depths: true
     0 | D:1      | 0 ||| qw: Lair rune preference: random
     0 | D:1      | 0 ||| qw: Plans: Normal
     0 | D:1      | 0 ||| PLANNING D:1-11
   246 | D:1      | You fall into a shaft and drop 1 floor!
   295 | D:2      | Reached XP level 2. HP: 15/16 MP: 4/4
   301 | D:2      | 301 ||| READING scroll labelled ITRA EQOKET.
   302 | D:2      | 302 ||| READING scroll labelled REF BOPLEF.
   303 | D:2      | 303 ||| DROPPING scroll of butterflies.
   308 | D:2      | Reached skill level 6 in Ranged Weapons
   488 | D:1      | Reached XP level 3. HP: 20/20 MP: 5/5
   797 | D:1      | Reached skill level 7 in Ranged Weapons
   875 | D:1      | 875 ||| READING scroll labelled QISSES GUULE.
   876 | D:1      | 876 ||| READING scroll labelled CEPPUPS KIEBOR.
   984 | D:2      | Identified the +1 rapier of Raptaz {spect, Str+3}
  1016 | D:2      | Reached XP level 4. HP: 18/25 MP: 6/6
  1161 | D:2      | Found a faded altar of an unknown god.
  1574 | D:2      | 1574 ||| READING scroll labelled GEALYG SOLUNK.
  1618 | D:3      | Reached skill level 8 in Ranged Weapons
  1623 | D:3      | Found a snail-covered altar of Cheibriados.
  1645 | D:3      | Identified the +1 robe of Dishonour {Drain rF+++ rN+++
                  | Int-4}
  1697 | D:3      | Found a glowing silver altar of Zin.
  1703 | D:3      | Found a shimmering blue altar of Sif Muna.
  1708 | D:3      | Found an ornate altar of the Wu Jian Council.
  1943 | D:3      | Reached XP level 5. HP: 29/29 MP: 7/7
  2209 | D:3      | 2209 ||| UPGRADING to +1 robe of Dishonour {Drain rF+++
                  | rN+++ Int-4}.
  2219 | D:3      | 2219 ||| DROPPING +6 ring of intelligence.
  2220 | D:3      | 2220 ||| READING scroll labelled BACETO BETWO.
  2264 | D:4      | Reached skill level 3 in Dodging
  2335 | D:4      | HP: 7/29 [scorpion (4)]
  2335 | D:4      | HP: 2/29 [scorpion (3)]
  2335 | D:4      | Slain by a kobold

Levels and vault maps discovered:
D:1:      amcnicky_arrival_underground_garden, layout_loops_ring,
          kennysheep_another_room
D:2:      layout_basic, chequers_ecumenical_altar_grove
D:3:      layout_basic, old_standard_altar, minmay_overflow_temple_star_quad,
          minmay_misc_feat_chi, serial_bayou_lagoon_a
D:4:      layout_rooms

Skill      XL: |  1  2  3  4  5 |
---------------+----------------+-----
Ranged Weapons | 6 7 8 |  8.7
Dodging        | 3 |  3.2
Fighting       | |  1.5
Stealth        | |  1.2

Action                     |  1- 3 |  4- 6 || total
---------------------------+-------+-------++-------
   Fire: Shortbow          |    72 |    65 ||   137
    Use: Scroll            |     4 |     2 ||     6
 Armour: Leather armour    |    11 |     1 ||    12
         Robe              |       |     1 ||     1
  Dodge: Dodged            |    19 |    17 ||    36

Table legend:
 A = Non-vault XP
 B = Vault XP
 C = Vault XP percentage of total XP
 D = Non-vault monster count
 E = Vault monster count
 F = Vault count percentage of total count
                 A         B        C        D         E       F
            +---------+---------+-------+---------+---------+-------
      Total |     289 |       0 |   0.0 |      64 |       0 |   0.0
            +---------+---------+-------+---------+---------+-------
        D:1 |      71 |       0 |   0.0 |      27 |       0 |   0.0
        D:2 |      70 |       0 |   0.0 |      20 |       0 |   0.0
        D:3 |      57 |       0 |   0.0 |      11 |       0 |   0.0
        D:4 |      91 |       0 |   0.0 |       6 |       0 |   0.0
            +---------+---------+-------+---------+---------+-------
